 Dungeon Crawl Stone Soup version 0.22.1-2-g9c5b331383 (webtiles) character file.

42 Marnok the Skirmisher (level 3, -3/30 HPs)
             Began as a Demonspawn Chaos Knight on Jan 3, 2019.
             Slain by a sky beast (5 damage)
             ... on level 2 of the Dungeon.
             The game lasted 00:05:08 (1286 turns).

Marnok the Skirmisher (Demonspawn Chaos Knight)     Turns: 1286, Time: 00:05:09

Health: -3/30      AC:  7    Str: 12    XL:     3   Next: 35%
Magic:  3/3        EV: 11    Int: 13    God:    Xom [*.....]
Gold:   45         SH:  0    Dex: 13    Spells: 2/2 levels left

rFire    . . .     SeeInvis .   a - +0 hand axe (chaos)
rCold    . . .     Gourm    .   (no shield)
rNeg     . . .     Faith    .   b - +2 leather armour
rPois    .         Spirit   .   (helmet restricted)
rElec    .         Reflect  .   (no cloak)
rCorr    .         Harm     .   (no gloves)
MR       .....                  (no boots)
Stlth    +.........             (no amulet)
HPRegen  0.10/turn              (no ring)
MPRegen  0.08/turn              (no ring)

@: no status effects
A: antennae 1, thin metallic scales 1
a: Renounce Religion


You were on level 2 of the Dungeon.
You worshipped Xom.
You were a special plaything of Xom.
You were not hungry.

You visited 1 branch of the dungeon, and saw 2 of its levels.

You collected 45 gold pieces.

Inventory:

Hand Weapons
 a - a +0 hand axe of chaos (weapon)
 g - a +2 short sword of electrocution
Missiles
 d - 4 poisoned tomahawks (quivered)
Armour
 b - a +2 leather armour (worn)
Scrolls
 e - 4 scrolls of identify {unknown}
 i - 2 scrolls of teleportation {unknown}
Comestibles
 c - 2 rations


   Skills:
 + Level 3.8 Fighting
 + Level 3.2 Axes
 + Level 1.9 Armour
 + Level 0.9 Dodging
 + Level 0.1 Stealth


You had 2 spell levels left.
You didn't know any spells.
Your spell library was empty.

Dungeon Overview and Level Annotations

Branches:
Dungeon (2/15)

Altars:
The Shining One


Innate Abilities, Weirdness & Mutations

You have a pair of small antennae on your head.
You are partially covered in thin metallic scales. (AC +2)


Message History

The quokka bites you but does no damage.
You closely miss the quokka.
The quokka is severely wounded.
You miss something. Something hits you but does no damage. Something hits you.
Something shocks you.
* * * LOW HITPOINT WARNING * * *
The quokka bites you but does no damage.
You closely miss something. You miss the quokka.
Something hits you but does no damage. The quokka closely misses you.
Something hits you but does no damage.
The quokka bites you but does no damage.
A sky beast appears from thin air!
Reactivating autopickup.
The sky beast flickers out of sight!
Deactivating autopickup; reactivate with Ctrl-A.
Something hits you but does no damage. Something hits you.
* * * LOW HITPOINT WARNING * * *
Something shocks you.
You die...

#######.#### #.#
#..........####.# #.[
#.##............# #.#
#.........<.....###.#
#.##.##.##..........#
#.##.##.#####.....#.#
#....##.#.$.!.......#
#.##.##.#.........#.#
#.##.@{r..........#.#
#.##.####.?...## ##†#
#.##.# #.....#####≈#
#.##.# #.#.........#
#.##.# #.########..##
#.##.# #.#######..w..
#.##.# #...........##
#.##.# #######.....#
#.##.# #.##.##


You could see a quokka.

Vanquished Creatures
  An adder (D:2)
  An ooze (D:2)
  A worm (D:2)
  2 dart slugs
  3 ball pythons
  2 bats
  2 giant cockroaches (D:1)
  2 goblins
  3 hobgoblins (D:1)
  2 kobolds
  A frilled lizard (D:2)
  2 rats
22 creatures vanquished.

Notes
Turn   | Place    | Note
-------+----------+-------------------------------------------
     0 | D:1      | Marnok the Demonspawn Chaos Knight began the quest for the
                  | Orb.
     0 | D:1      | Reached XP level 1. HP: 18/18 MP: 1/1
   110 | D:1      | XOM: potion effect (might)
   172 | D:1      | XOM: harmless Summ miscast
   384 | D:2      | XOM: potion effect (invisibility)
   470 | D:1      | Gained mutation: You are partially covered in thin metallic
                  | scales. (AC +2) [demonic ancestry]
   470 | D:1      | Reached XP level 2. HP: 24/24 MP: 2/2
   766 | D:2      | Gained mutation: You have a pair of small antennae on your
                  | head. [demonic ancestry]
   766 | D:2      | Reached XP level 3. HP: 23/30 MP: 3/3
   922 | D:2      | Noticed a sky beast
   922 | D:2      | a worm changed into a sky beast
   923 | D:2      | XOM: swap monsters
   939 | D:2      | XOM: swap monsters
   942 | D:2      | XOM: blink monster(s)
   946 | D:2      | XOM: mild Fire miscast
  1146 | D:2      | Found a glowing golden altar of the Shining One.
  1277 | D:2      | HP: 1/30 [something (6)]
  1286 | D:2      | Slain by a sky beast

Skill      XL: |  1  2 |
---------------+-------+-----
Axes           | 3 |  3.2
Fighting       | |  3.8
Armour         | |  1.9
Dodging        | |  0.9
Stealth        | |  0.1

Action                   || total
-------------------------++-------
Melee: Hand axe          ||    71
  Use: Scroll            ||     1
       Potion            ||     4
 Stab: Sleeping          ||     1
       Distracted        ||     1
       Petrifying        ||     1
  Eat: Chunk             ||     1
Armor: Leather armour    ||    34
Dodge: Dodged            ||    59
